 Dungeon Crawl Stone Soup version 0.22.1-2-g9c5b331 (webtiles) character file.

23324 Harpaggios the Transmogrifier (level 13, -1/104 HPs)
             Began as a Merfolk Transmuter on Jan 2, 2019.
             Was a Believer of Uskayaw.
             Slain by a dream sheep (30 damage)
             ... on level 5 of the Lair of Beasts.
             The game lasted 02:02:48 (22539 turns).

Harpaggios the Transmogrifier (Merfolk Transmuter) Turns: 22539, Time: 02:02:49

Health: -1/104     AC:  4    Str: 12    XL:     13   Next: 6%
Magic:  18/25      EV: 18    Int: 16    God:    Uskayaw [**....]
Gold:   915        SH:  0    Dex: 14    Spells: 7/28 levels left

rFire    + . .     SeeInvis +     - Unarmed
rCold    + . .     Gourm    .   (shield currently unavailable)
rNeg     . . .     Faith    .   z - +2 robe {MR+}
rPois    +         Spirit   .   (no helmet)
rElec    .         Reflect  .   r - scarf {rC+ rF+}
rCorr    .         Harm     .   (gloves currently unavailable)
MR       +....                  (no boots)
Stlth    +.........             (no amulet)
HPRegen  0.27/turn              h - ring of poison resistance
MPRegen  0.19/turn              w - ring of see invisible

@: blade hands (expiring), sleeping
A: change form in water, swift swim, stealthy swim
a: End Transformation, Stomp, Line Pass, Renounce Religion


You were on level 5 of the Lair of Beasts.
You worshipped Uskayaw.
Uskayaw was aware of your devotion.
You were very hungry.
You had blades for hands.
You visited 3 branches of the dungeon, and saw 16 of its levels.

You collected 985 gold pieces.
You spent 70 gold pieces at shops.

Inventory:

Missiles
 a - 155 arrows
 s - 3 tomahawks
 F - 2 tomahawks of returning (quivered)
Armour
 r - a scarf of resistance (worn)
 z - a +2 robe of magic resistance (worn)
 B - a +2 ring mail of magic resistance
 E - a scarf of repulsion
Jewellery
 h - a ring of poison resistance (left scythe-like blade)
 w - a ring of see invisible (right scythe-like blade)
 H - an uncursed amulet of harm
Wands
 b - a wand of digging (31)
 t - a wand of clouds (2)
 v - a wand of polymorph (30)
 I - a wand of enslavement (12)
 K - a wand of paralysis (8)
Scrolls
 e - 6 scrolls of teleportation
 f - 2 scrolls of magic mapping
 i - 7 scrolls of remove curse
 k - 2 scrolls of blinking
 l - 4 scrolls of fear
 u - 3 scrolls of fog
 y - a scroll of enchant weapon
 M - 3 scrolls of identify
Potions
 c - a potion of heal wounds
 g - a potion of ambrosia {unknown}
 j - 6 potions of curing
 m - a potion of agility {unknown}
 n - a potion of resistance
 o - a potion of berserk rage
 p - 3 potions of flight
 q - 3 potions of haste
 x - a potion of invisibility
 A - a potion of brilliance
 D - a potion of cancellation {unknown}
 J - a potion of lignification
Miscellaneous
 C - a lightning rod (4/4)
 G - 2 phantom mirrors
 L - a phial of floods
Comestibles
 d - 23 rations


   Skills:
 - Level 10.5 Fighting
 * Level 3.7 Armour
 - Level 10.0 Dodging
 + Level 10.9 Unarmed Combat
 - Level 8.2 Spellcasting
 * Level 11.8 Transmutations
 - Level 8.0 Invocations


You had 7 spell levels left.
You knew the following spells:

 Your Spells              Type           Power        Failure   Level  Hunger
a - Beastly Appendage     Tmut           #####.       7%          1    None
b - Sticks to Snakes      Tmut           #####...     8%          2    None
c - Spider Form           Tmut/Pois      ####......   26%         3    #......
d - Ice Form              Ice/Tmut       ####....     45%         4    ###....
e - Blade Hands           Tmut           #####.....   22%         5    #####..
f - Passwall              Tmut/Erth      ####....     19%         2    None
g - Petrify               Tmut/Erth      ####....     45%         4    ###....

Your spell library contained the following spells:

 Spells                   Type           Power        Failure   Level  Hunger
 Ignite Poison            Fire/Tmut/Pois ###.....     38%         3    #......
 Corona                   Hex            #......      47%         1    None
 Freeze                   Ice            #...         47%         1    None
 Magic Dart               Conj           #...         47%         1    None
 Ensorcelled Hibernation  Hex/Ice        #.....       58%         2    None
 Searing Ray              Conj           #.....       58%         2    None
 Sublimation of Blood     Necr           #.........   58%         2    None
 Swiftness                Chrm/Air       #.......     58%         2    None
 Throw Frost              Conj/Ice       #.....       58%         2    None
 Alistair's Intoxication  Tmut/Pois      ####....     69%         5    #####..
 Irradiate                Conj/Tmut      ####......   69%         5    #####..
 Confuse                  Hex            #.......     75%         3    #......
 Dazzling Spray           Conj/Hex       #.....       75%         3    #......
 Ozocubu's Armour         Chrm/Ice       #.......     75%         3    #......
 Tukima's Dance           Hex            #.......     75%         3    #......
 Force Lance              Conj/Tloc      #.......     96%         4    ###....
 Fulminant Prism          Conj/Hex       #.........   96%         4    ###....
 Iskenderun's Mystic Bla  Conj           #.......     96%         4    ###....
 Passage of Golubria      Tloc           N/A          96%         4    ###....
 Summon Ice Beast         Ice/Summ       #.......     96%         4    ###....
 Throw Icicle             Conj/Ice       #.......     96%         4    ###....
 Bolt of Magma            Conj/Fire/Erth #.........   100%        5    #####..
 Iskenderun's Battlesphe  Conj/Chrm      #.......     100%        5    #####..
 Lee's Rapid Deconstruct  Erth           #.........   100%        5    #####..
 Venom Bolt               Conj/Pois      #.........   100%        5    #####..
 Darkness                 Hex            #.........   100%        6    ######.
 Invisibility             Hex            #.......     100%        6    ######.
 Iron Shot                Conj/Erth      #.........   100%        6    ######.
 Orb of Destruction       Conj           #.........   100%        7    #######
 Spellforged Servitor     Conj/Summ      #.........   100%        7    #######


Dungeon Overview and Level Annotations

Branches:
Dungeon (10/15)            Temple (1/1) D:7            Lair (5/6) D:8
 Shoals (0/4) Lair:3       Spider (0/4) Lair:3
  Slime: Lair:5-6       Orc: D:9-12

Altars:
Ashenzari
Cheibriados
Dithmenos
Elyvilon
Fedhas
Gozag
Hepliaklqana
Kikubaaqudgha
Makhleb
Nemelex Xobeh
Okawaru
Qazlal
Ru
Sif Muna
Trog
Uskayaw
Vehumet
Wu Jian
Xom
Yredelemnul
Zin
The Shining One

Shops:
D:5 :   D:6 [   D:7 !(*[[   D:8 [

Annotations:
D:5 books
D:7 2 transporters, diana's ghost, novice OpAs
D:8 exclusion: komodo dragon
D:9 2 exclusions


Message History

You can no longer pass through a line of other dancers.
You slice the dream sheep!!
You kill the dream sheep!
The dream sheep bites you.
The dream sheep closely misses your ball python.
Your ball python barely misses the dream sheep.
Your ball python closely misses the dream sheep.
You can now pass through a line of other dancers.
You slice the dream sheep!!
You kill the dream sheep!
The dream sheep closely misses you. The dream sheep bites your ball python!
Your ball python dies!
You barely miss the dream sheep. Your slash misses the dream sheep.
The dream sheep bites you. The dream sheep bites you!
* * * LOW HITPOINT WARNING * * *
The dream sheep shake their wool and sparkle.
You feel drowsy...
You fall asleep.
The dream sheep closely misses you. The dream sheep bites you!!
You die...

..........##........####P.....
P......................##....#
..###................# .......
....#........P..)...#####....
#................#.....# ##...
#....................... #...
....$....#.......##.....
#............Y...##.....
..........YY@....... .
.........†#P.#.....
#..........YP....#..
....................
..##.....?.........
##....#.........
.>...###......#. ....#
#......P


You could see 4 dream sheep.

Vanquished Creatures
  Snorg (Lair:3)
  2 hydras
  A tengu warrior (D:9)
  A deep elf mage (D:9)
  An ugly thing (D:10)
  A black mamba (Lair:3)
  3 elephants (Lair:3)
  6 spiny frogs
  A kobold demonologist (D:9)
  2 rime drakes
  A tengu conjurer (D:9)
  The ghost of Baril the Digger, a novice GrEE (D:8)
  A troll (D:8)
  A polar bear (Lair:5)
  7 blink frogs (Lair:3)
  2 dream sheep (Lair:5)
  2 hippogriffs (Lair:2)
  2 redbacks
  2 vampires (D:9)
  6 wraiths (D:8)
  A wyvern (D:8)
  21 yaks
  2 hungry ghosts (D:8)
  8 water moccasins
  9 porcupines
  A swamp drake (D:8)
  4 orc warriors
  A sky beast (D:6)
  5 ice beasts
  A phantom (D:5)
  3 black bears
  An eye of draining (D:10)
  10 wolves
  3 ogres
  8 crocodiles
  2 big kobolds
  9 bullfrogs
  8 killer bees
  A water moccasin skeleton (D:3)
  3 wights (D:6)
  2 electric eels (Lair:1)
  A jelly (D:10)
  2 howler monkeys (D:5)
  4 crimson imps
  3 orc priests
  4 hounds
  4 bullfrog skeletons
  6 orc wizards
  3 centaur skeletons
  Natasha (twice) (D:3)
  10 worker ants
  A hound zombie (D:5)
  A hound skeleton (D:10)
  9 adders
  A gnoll (D:5)
  A howler monkey skeleton (D:7)
  4 shadow imps
  2 oozes
  5 worms
  4 leopard geckos
  32 orcs
  8 bats
  2 giant cockroaches
  6 goblins
  3 hobgoblins
  4 jackals (D:5)
  20 kobolds
  5 quokkas
  2 ball pythons
  7 frilled lizards
  6 rats
309 creatures vanquished.

Vanquished Creatures (collateral kills)
  A two-headed ogre (D:9)
  A spiny frog (Lair:1)
  Sigmund (D:3)
  Grum (D:8)
  A necrophage (D:7)
  2 ogres (D:5)
  A centaur (D:7)
  A wight (D:6)
  A crimson imp (D:7)
  A centaur skeleton (D:7)
  A bullfrog skeleton (D:7)
  Natasha (D:3)
  An adder (D:5)
  2 gnolls (D:5)
  A shadow imp (D:5)
  An adder zombie (D:5)
  An orc (D:7)
  A goblin (D:2)
  A frilled lizard (D:3)
21 creatures vanquished.

Vanquished Creatures (others)
  A bush (D:8)
  2 fungi (Lair:3)
  6 plants
9 creatures vanquished.

Grand Total: 339 creatures vanquished

Notes
Turn   | Place    | Note
-------+----------+-------------------------------------------
     0 | D:1      | Harpaggios the Merfolk Transmuter began the quest for the
                  | Orb.
     0 | D:1      | Reached XP level 1. HP: 15/15 MP: 3/3
    26 | D:1      | Reached skill level 3 in Transmutations
    60 | D:1      | Reached XP level 2. HP: 20/21 MP: 3/5
   825 | D:1      | Reached XP level 3. HP: 26/26 MP: 6/6
  1026 | D:2      | Learned a level 2 spell: Sticks to Snakes
  1205 | D:2      | Learned a level 3 spell: Spider Form
  1241 | D:2      | Reached skill level 4 in Transmutations
  1297 | D:2      | Reached XP level 4. HP: 14/33 MP: 2/7
  1602 | D:2      | You fall through a shaft for 2 floors!
  2049 | D:2      | Found a glowing golden altar of the Shining One.
  2753 | D:3      | Reached XP level 5. HP: 39/39 MP: 8/8
  2938 | D:3      | Noticed Sigmund
  3061 | D:3      | Noticed Natasha
  3074 | D:3      | Killed Natasha
  3074 | D:3      | Reached skill level 5 in Transmutations
  3257 | D:3      | Noticed Natasha
  3266 | D:3      | Killed Natasha
  3381 | D:3      | Noticed Natasha
  3476 | D:3      | Killed Natasha
  3735 | D:3      | Reached XP level 6. HP: 36/47 MP: 9/9
  5224 | D:5      | Entered Level 5 of the Dungeon
  5340 | D:5      | Reached skill level 6 in Transmutations
  5364 | D:5      | Reached XP level 7. HP: 44/52 MP: 3/10
  5475 | D:5      | Found Bakut's Book Shoppe.
  5748 | D:5      | Reached skill level 5 in Dodging
  5763 | D:5      | Reached skill level 5 in Unarmed Combat
  5763 | D:5      | Reached skill level 7 in Transmutations
  6408 | D:3      | Killed Sigmund
  6668 | D:6      | Reached XP level 8. HP: 47/60 MP: 9/12
  6860 | D:6      | Reached skill level 8 in Transmutations
  7195 | D:6      | You fall through a shaft!
  7380 | D:6      | Learned a level 4 spell: Ice Form
  7395 | D:6      | Found Foschidi's Armour Emporium.
  7444 | D:6      | Found a white marble altar of Elyvilon.
  7492 | D:6      | Reached skill level 5 in Fighting
  8185 | D:7      | Found Qoyprocashu's Assorted Antiques.
  8404 | D:7      | Reached XP level 9. HP: 63/68 MP: 7/14
  8451 | D:7      | Found Tuewo's Distillery.
  8488 | D:7      | Learned a level 5 spell: Blade Hands
  8494 | D:7      | Bought a potion of heal wounds for 70 gold pieces
  8494 | D:7      | Identified a scroll of acquirement
  8678 | D:7      | Found Gawoxeuf's Weapon Emporium.
  8867 | D:7      | Found Vaca's Antique Armour Boutique.
  9034 | D:7      | Reached skill level 9 in Transmutations
  9358 | D:7      | Found Relomiguma's Antique Armour Emporium.
  9409 | D:7      | Found a transporter.
  9409 | D:7      | Noticed a two-headed ogre
  9409 | D:7      | Noticed diana's ghost (novice OpAs)
  9414 | D:7      | Found a transporter.
  9774 | D:7      | Found a staircase to the Ecumenical Temple.
  9780 | Temple   | Entered the Ecumenical Temple
 10020 | Temple   | Became a worshipper of Uskayaw the Reveler
 10106 | D:8      | Noticed a troll
 10219 | D:8      | Reached * piety under Uskayaw
 10254 | D:8      | Found a bloodstained altar of Trog.
 10269 | D:8      | Reached ** piety under Uskayaw
 10272 | D:8      | Reached *** piety under Uskayaw
 10731 | D:8      | Reached skill level 1 in Invocations
 11071 | D:8      | Noticed a komodo dragon
 11101 | D:8      | Found a staircase to the Lair.
 11197 | D:8      | Found a runed gate.
 11197 | D:8      | Found a runed gate.
 11198 | D:8      | Found a runed gate.
 11202 | D:8      | Noticed Baril's ghost (novice GrEE)
 11431 | D:8      | Noticed Grum
 11445 | D:8      | Reached skill level 5 in Spellcasting
 11445 | D:8      | Reached XP level 10. HP: 69/77 MP: 13/17
 11990 | D:8      | Killed Grum
 12325 | D:8      | Found Uloadghy's Armour Shop.
 12396 | D:8      | Reached skill level 10 in Transmutations
 12582 | D:9      | Found a blossoming altar of Fedhas.
 12582 | D:9      | Noticed a two-headed ogre
 12605 | D:9      | Killed a two-headed ogre
 12829 | D:9      | Found a stormy altar of Qazlal.
 12968 | D:9      | Reached **** piety under Uskayaw
 12977 | D:9      | Reached ***** piety under Uskayaw
 14041 | D:9      | Noticed a kobold demonologist
 14041 | D:9      | Noticed a deep elf mage
 14041 | D:9      | Noticed a tengu warrior
 14041 | D:9      | Noticed a death knight
 14289 | D:9      | Killed a tengu warrior
 14333 | D:9      | Killed a kobold demonologist
 14333 | D:9      | Reached XP level 11. HP: 84/87 MP: 14/20
 14390 | D:9      | Killed a deep elf mage
 14412 | D:9      | Learned a level 2 spell: Passwall
 14519 | D:10     | Entered Level 10 of the Dungeon
 14522 | D:10     | Noticed a green ugly thing
 14531 | D:10     | Killed a green ugly thing
 14799 | D:10     | Reached skill level 5 in Invocations
 14894 | D:10     | Reached skill level 10 in Dodging
 14898 | D:10     | Reached ****** piety under Uskayaw
 15554 | D:10     | Reached skill level 10 in Fighting
 15993 | D:8      | Killed Baril's ghost
 16185 | Lair:1   | Entered Level 1 of the Lair of Beasts
 17835 | Lair:2   | Reached XP level 12. HP: 97/97 MP: 19/23
 18138 | Lair:2   | Reached skill level 10 in Unarmed Combat
 18854 | Lair:3   | Noticed Snorg
 19139 | Lair:3   | Found a staircase to the Shoals.
 19139 | Lair:3   | Noticed a seven-headed hydra
 19805 | Lair:4   | Noticed a four-headed hydra
 19814 | Lair:4   | Killed a four-headed hydra
 20144 | Lair:4   | Reached skill level 1 in Armour
 20833 | Lair:3   | Found a hole to the Spider Nest.
 21019 | Lair:3   | Killed a seven-headed hydra
 21019 | Lair:3   | Reached skill level 11 in Transmutations
 21993 | Lair:3   | Killed Snorg
 22448 | Lair:5   | Reached XP level 13. HP: 104/104 MP: 20/25
 22459 | Lair:5   | Learned a level 4 spell: Petrify
 22539 | Lair:5   | Slain by a dream sheep

Skill      XL: |  1  2  3  4  5  6  7  8  9 10 11 12 |
---------------+-------------------------------------+-----
Transmutations | 3 4 5 6 7 8 9 10 11 | 11.8
Dodging        | 3 4 5 6 8 9 10 | 10.0
Fighting       | 2 3 4 5 6 8 10 | 10.5
Unarmed Combat | 4 5 6 7 8 9 10 | 10.9
Spellcasting   | 3 5 6 7 8 |  8.2
Invocations    | 2 4 6 8 |  8.0
Armour         | 3 |  3.7

Action                   |  1- 3 |  4- 6 |  7- 9 | 10-12 | 13-15 || total
-------------------------+-------+-------+-------+-------+-------++-------
Melee: Unarmed           |   101 |   239 |   393 |   628 |    13 ||  1374
       Headbutt          |     5 |    32 |    31 |     9 |       ||    77
       Punch             |     1 |     4 |     7 |    18 |       ||    30
Throw: Tomahawk          |       |       |       |     3 |       ||     3
 Cast: Beastly Appendage |     7 |    22 |    25 |     9 |       ||    63
       Sticks to Snakes  |     5 |     9 |    41 |    37 |     3 ||    95
       Spider Form       |       |       |    16 |     9 |       ||    25
       Blade Hands       |       |       |       |    15 |     1 ||    16
       Ice Form          |       |       |       |    23 |       ||    23
Invok: Stomp             |       |       |     1 |     1 |       ||     2
 Abil: End Transformatio |       |       |     1 |       |       ||     1
Evoke: Wand              |       |       |       |     1 |       ||     1
       Lightning rod     |       |       |       |     1 |       ||     1
  Use: Scroll            |       |    11 |     8 |     7 |       ||    26
       Potion            |       |     1 |     2 |     7 |       ||    10
 Stab: Sleeping          |     1 |     4 |     2 |       |       ||     7
       Distracted        |       |       |     2 |     1 |       ||     3
       Paralysed         |       |       |     2 |    21 |     2 ||    25
       Confused          |       |       |     1 |       |       ||     1
  Eat: Chunk             |     2 |    14 |    12 |    24 |       ||    52
       Ration            |       |       |     3 |     6 |       ||     9
Armor: Robe              |    16 |    47 |    27 |    17 |     1 ||   108
       Skin              |       |       |     3 |    22 |     1 ||    26
Dodge: Dodged            |    59 |   128 |   264 |   494 |     7 ||   952
